 Dungeon Crawl Stone Soup version 0.31-a0-819-gf6de2f5ab6 (webtiles) character file.

Game seed: 14447798587212324548

530 qw the Shooter (level 7, -3/43 HPs)
             Began as a Gargoyle Hunter on Sept 23, 2023.
             Slain by an ogre
             ... wielding a +0 giant club
              (33 damage)
             ... on level 4 of the Dungeon.
             The game lasted 00:01:07 (2150 turns).

qw the Shooter (Gargoyle Hunter)                    Turns: 2150, Time: 00:01:08

Health: -3/43      AC: 10    Str: 14    XL:     7   Next: 24%
Magic:  7/7        EV: 11    Int: 10    God:
Gold:   156        SH:  0    Dex: 15    Spells: 6/6 levels left

rFire   . . .        Y - +0 shortbow
rCold   . . .        (shield currently unavailable)
rNeg    + . .        f - +0 ring mail
rPois   inf          (no helmet)
rElec   +            (no cloak)
rCorr   .            (no gloves)
SInv    .            (no boots)
Will    .....        (no amulet)
Stlth   +            (no ring)
HPRegen 0.27/turn    (no ring)
MPRegen 0.10/turn

%: no passive effects
@: no status effects
A: sickness immunity, AC +4, negative energy resistance 1, electricity
resistance, torment resistance 1, petrification resistance
a: no special abilities


You were on level 4 of the Dungeon.
You visited 1 branch of the dungeon, and saw 4 of its levels.

You collected 156 gold pieces.


Innate Abilities, Weirdness & Mutations

You are immune to sickness and miasma.
Your stone body is resilient. (AC +4)
You are immune to poison.
You resist negative energy. (rN+)
You are resistant to electric shocks. (rElec)
You are resistant to unholy torment.
You are immune to petrification.


   Skills:
 - Level 4.2 Fighting
 + Level 7.6 Ranged Weapons
 - Level 1.3 Armour
 - Level 1.5 Dodging
 - Level 1.1 Stealth


You had 6 spell levels left.
You didn't know any spells.
Your spell library was empty.

Inventory:

Hand Weapons
 Y - a +0 shortbow (weapon)
Armour
 f - a +0 ring mail (worn)
Jewellery
 a - a ring of fire
Scrolls
 c - a scroll of identify
 k - a scroll of enchant armour
Potions
 b - a potion of heal wounds
 d - a potion of magic {unknown}
 e - a potion of resistance
 g - a potion of curing
 h - a potion of lignification {unknown}
 i - a potion of haste
 j - a potion of brilliance {unknown}

Dungeon Overview and Level Annotations

Branches:
Dungeon (4/15)
 Temple: D:4-7

Altars:


Message History

A worm comes into view.
You shoot an arrow. The arrow hits the worm.
The worm is moderately wounded.
You shoot an arrow. The arrow hits the worm!
The worm is heavily wounded.
You shoot an arrow. The arrow hits the worm!
You kill the worm!
An orc comes into view. It is wielding a +0 flail.
The orc shouts!
An endoplasm comes into view.
You shoot an arrow. The arrow closely misses the orc.
The endoplasm quivers.
The arrow hits the endoplasm!
You kill the endoplasm!
An orc and an ogre come into view.
Found a stone staircase leading down.
The ogre shouts!
An orc comes into view. It is wielding a +0 hand axe.
You shoot an arrow. The arrow hits the orc.
The orc is moderately wounded.
You shoot an arrow. The arrow barely misses the orc.
The orc hits you with a +0 flail.
You shoot an arrow. The arrow barely misses the orc.
The orc misses you.
You shoot an arrow. The arrow barely misses the orc.
The orc closely misses you. The orc misses you.
You shoot an arrow. The arrow hits the orc.
The orc is severely wounded.
The orc closely misses you. x2
You shoot an arrow. The arrow hits the orc!
You kill the orc!
The orc hits you but does no damage.
You shoot an arrow. The arrow hits the ogre!
The ogre is moderately wounded.
The orc hits you but does no damage. The ogre hits you with a +0 giant club!
The orc barely misses you.
You shoot an arrow. The arrow barely misses the ogre.
The ogre hits you with a +0 giant club!!
Ouch! That really hurt!
You die...

######..###.#
#......#
#.###.## #...#
# ###.# #.# #.#
#.# #@#
#....Oo.>.....
...#...#...#...
#.... ###..
#.#.# #.. +...
. .##+ .


You could see an ogre and an orc.

Vanquished Creatures
  3 ogres (D:4)
  A scorpion (D:4)
  A hound (D:4)
  An orc priest (D:3)
  2 sleepcaps (D:4)
  3 adders
  An ufetubus (D:4)
  A worm (D:4)
  3 dart slugs
  5 orcs
  A ball python (D:1)
  12 bats
  4 endoplasms
  2 giant cockroaches
  6 goblins
  6 hobgoblins
  4 jackals
  4 kobolds
  3 quokkas
  3 frilled lizards
  7 rats
73 creatures vanquished.

Notes
Turn   | Place    | Note
-------+----------+-------------------------------------------
     0 | D:1      | qw the Gargoyle Hunter began the quest for the Orb.
     0 | D:1      | Reached XP level 1. HP: 12/12 MP: 1/1
     0 | D:1      | 0 ||| qw: Version: 0.3-a-83-gcd0e7d8
     0 | D:1      | 0 ||| qw: Game counter: 1423
     0 | D:1      | 0 ||| qw: Melee chars always use a shield: true
     0 | D:1      | 0 ||| qw: God list: Okawaru
     0 | D:1      | 0 ||| qw: Allow faded altars: false
     0 | D:1      | 0 ||| qw: Do Orc after clearing Dungeon:15 true
     0 | D:1      | 0 ||| qw: Do second Lair branch before Depths: true
     0 | D:1      | 0 ||| qw: Lair rune preference: random
     0 | D:1      | 0 ||| qw: Goals: Normal
     0 | D:1      | 0 ||| PLANNING D:1-11
   112 | D:1      | Reached XP level 2. HP: 17/17 MP: 2/2
   437 | D:1      | Reached XP level 3. HP: 18/21 MP: 3/3
   534 | D:1      | 534 ||| UPGRADING to +0 ring mail.
   544 | D:1      | 544 ||| DROPPING +0 leather armour.
   545 | D:1      | 545 ||| DROPPING ring of magical power.
   546 | D:1      | 546 ||| READING 2 scrolls labelled KAKHLE OSMUFOT.
   547 | D:1      | 547 ||| READING scroll labelled ICVI CAZI HET.
   548 | D:1      | 548 ||| READING scroll labelled XIWAKL NEINT.
   549 | D:1      | 549 ||| READING scroll labelled GUECLIENAL.
   550 | D:1      | 550 ||| READING scroll labelled HAVEOBL JAHY.
   551 | D:1      | 551 ||| DROPPING scroll of blinking.
   552 | D:1      | 552 ||| DROPPING scroll of butterflies.
   633 | D:2      | Found a faded altar of an unknown god.
   708 | D:2      | Reached skill level 1 in Armour
   746 | D:2      | Reached skill level 5 in Ranged Weapons
   914 | D:2      | Reached XP level 4. HP: 27/27 MP: 4/4
  1256 | D:2      | 1256 ||| READING scroll labelled MASMIK NAFOCK.
  1257 | D:2      | 1257 ||| DRINKING 2 pink potions.
  1258 | D:2      | 1258 ||| DRINKING 2 viscous ruby potions.
  1287 | D:3      | 1287 ||| STAIRDANCE
  1292 | D:3      | 1292 ||| STAIRDANCE
  1296 | D:2      | Reached skill level 3 in Fighting
  1390 | D:3      | 1390 ||| STAIRDANCE
  1672 | D:3      | Reached XP level 5. HP: 32/32 MP: 5/5
  1765 | D:3      | 1765 ||| DRINKING 2 black potions.
  1766 | D:3      | 1766 ||| DRINKING 2 grey potions.
  1784 | D:4      | Noticed an ogre
  1790 | D:4      | Killed an ogre
  1791 | D:4      | Reached skill level 6 in Ranged Weapons
  1859 | D:4      | Noticed an ogre
  1867 | D:4      | Killed an ogre
  1868 | D:4      | Reached XP level 6. HP: 36/38 MP: 6/6
  1938 | D:4      | Reached skill level 7 in Ranged Weapons
  1997 | D:4      | Reached XP level 7. HP: 40/43 MP: 7/7
  2150 | D:4      | Slain by an ogre

Levels and vault maps discovered:
D:1:      eino_arrival_cavern_d, layout_rooms, glass_columns_b
D:2:      layout_loops_cross, chequers_ecumenical_altar_simple
D:3:      layout_rooms
D:4:      layout_basic, minmay_misc_feat_diagonals, palyth_stone_intersect,
          minmay_fractal_squares_diagonal_5

Skill      XL: |  1  2  3  4  5  6 |
---------------+-------------------+-----
Armour         | 1 |  1.3
Ranged Weapons | 5 6 7 |  7.6
Fighting       | 3 4 |  4.2
Dodging        | |  1.5
Stealth        | |  1.1

Action                     |  1- 3 |  4- 6 |  7- 9 || total
---------------------------+-------+-------+-------++-------
   Fire: Shortbow          |   133 |   138 |    23 ||   294
    Use: Scroll            |     5 |     1 |       ||     6
         Potion            |       |     4 |       ||     4
 Armour: Leather armour    |    17 |       |       ||    17
         Ring mail         |    28 |    45 |     9 ||    82
  Dodge: Dodged            |    57 |    39 |     8 ||   104

Table legend:
 A = Non-vault XP
 B = Vault XP
 C = Vault XP percentage of total XP
 D = Non-vault monster count
 E = Vault monster count
 F = Vault count percentage of total count
                 A         B        C        D         E       F
            +---------+---------+-------+---------+---------+-------
      Total |     748 |      10 |   1.3 |      70 |       3 |   4.1
            +---------+---------+-------+---------+---------+-------
        D:1 |      38 |       0 |   0.0 |      19 |       0 |   0.0
        D:2 |      60 |       0 |   0.0 |      22 |       0 |   0.0
        D:3 |      79 |       0 |   0.0 |      16 |       0 |   0.0
        D:4 |     571 |      10 |   1.7 |      13 |       3 |  18.8
            +---------+---------+-------+---------+---------+-------
